 Dungeon Crawl Stone Soup version 0.20-a0-850-ge5a7832 (webtiles) character file.

847 Duffy the Chopper (level 8, 0/69 HPs)
             Began as a Naga Fighter on Mar 10, 2017.
             Slain by Duvessa
             ... wielding a +0 short sword
              (3 damage)
             ... on level 4 of the Dungeon.
             The game lasted 00:04:53 (4855 turns).

Duffy the Chopper (Naga Fighter)                    Turns: 4855, Time: 00:04:54

Health: 0/69       AC:  7    Str: 20    XL:     8   Next: 0%
Magic:  8/8        EV:  6    Int:  9    God:
Gold:   150        SH: 10    Dex: 16    Spells: 7/7 levels left

rFire    + . .     SeeInvis +   a - +0 war axe
rCold    + . .     Gourm    .   b - +0 scale mail
rNeg     . . .     Faith    .   c - +0 shield
rPois    +         Spirit   .   k - +0 helmet
rElec    .         Reflect  .   g - scarf {rC+ rF+}
rCorr    .         Harm     .   (no gloves)
MR       +....                  (no barding)
Stlth    ..........             (no amulet)
Regen    0.3/turn               (no ring)
MPRegen  0.2/turn               j - +5 ring of dexterity

@: very slow
A: see invisible, deformed body, poison resistance, slowness 2, slow metabolism
1, spit poison 1, AC +2
a: Spit Poison


You were on level 4 of the Dungeon.
You were hungry.

You visited 1 branch of the dungeon, and saw 4 of its levels.

You collected 150 gold pieces.

Inventory:

Hand Weapons
 a - a +0 war axe (weapon)
 d - a +1 flail of crushing
 r - a +0 flail of crushing
Missiles
 p - 7 curare-tipped needles
Armour
 b - a +0 scale mail (worn)
 c - a +0 shield (worn)
 g - a scarf of resistance (worn)
 k - a +0 helmet (worn)
Jewellery
 j - a +5 ring of dexterity (left hand)
Wands
 h - a wand of iceblast (10/15)
 m - a wand of digging (4/24)
 q - a wand of polymorph (14/24)
 s - a wand of random effects (24/48)
Scrolls
 e - a scroll of enchant armour
 l - a scroll of fear {unknown}
 n - 4 scrolls of remove curse {unknown}
 v - a scroll of fog {unknown}
 x - a scroll of recharging {unknown}
Potions
 o - a potion of mutation {unknown}
 t - a potion of haste {unknown}
 u - a potion of agility {unknown}
Comestibles
 f - 3 bread rations
 i - 4 meat rations
 w - a royal jelly
 z - a chunk of flesh


   Skills:
 - Level 3.0 Fighting
 + Level 6.6 Axes
 - Level 2.4 Armour
 + Level 5.5 Shields


You had 7 spell levels left.
You didn't know any spells.

Dungeon Overview and Level Annotations

Branches:
Dungeon (4/15)
 Temple: D:4-7

Altars:
Nemelex Xobeh

Shops:
D:4 =

Annotations:
D:4 Dowan, Duvessa


Innate Abilities, Weirdness & Mutations

You cannot wear boots.
Your serpentine skin is tough. (AC +2)
You have supernaturally acute eyesight. (SInv)
Armour fits poorly on your strangely shaped body.
Your system is resistant to poisons. (rPois)
You cover ground very slowly.
You have a slow metabolism.
You can spit poison.


Message History

You closely miss Duvessa.
Duvessa is moderately wounded.
Duvessa hits you with a short sword. x2
You slash Duvessa!
Duvessa is severely wounded.
The orc wizard gestures wildly while chanting.
The orc wizard blinks!
Duvessa hits you with a short sword.
You slash Duvessa!
Duvessa is almost dead.
You feel yourself speed up.
The orc wizard is no longer moving quickly.
You block Duvessa's attack. Duvessa hits you with a short sword.
Dowan smirks and points a slender finger.
You closely miss Duvessa.
Duvessa is almost dead.
Duvessa hits you with a short sword.
You hit Duvessa but do no damage.
Duvessa is almost dead.
Duvessa hits you with a short sword.
You die...

#.# #. .# #.##### ..
##.# #.....# #####.
.... #####.# ....o
77.)## #.# #...
P.... #.# #..o7...#
#.# #.o....#
#.##########eo#####
#.........@ea.......
####################


You could see Duvessa, Dowan, a worker ant and an orc wizard.

Vanquished Creatures
  Grinder (D:3)
  Eustachio (D:4)
  Edmund (D:3)
  Blork the orc (D:4)
  An orc priest (D:4)
  Jessica (D:2)
  Natasha (thrice) (D:3)
  A worker ant (D:3)
  Robin (D:3)
  6 adders
  3 oozes
  3 worms (D:2)
  3 dart slugs
  3 leopard geckos
  5 orcs
  10 bats
  4 giant cockroaches
  8 goblins
  9 hobgoblins
  2 jackals (D:2)
  A quokka (D:2)
  A ball python (D:2)
  5 frilled lizards
  7 kobolds
  5 rats
86 creatures vanquished.

Notes
Turn   | Place    | Note
-------+----------+-------------------------------------------
     0 | D:1      | Duffy the Naga Fighter began the quest for the Orb.
     0 | D:1      | Reached XP level 1. HP: 21/21 MP: 1/1
   346 | D:1      | Reached XP level 2. HP: 22/28 MP: 2/2
   936 | D:1      | Reached XP level 3. HP: 33/34 MP: 3/3
   967 | D:1      | Reached skill level 3 in Axes
  1375 | D:2      | Found a sparkling altar of Nemelex Xobeh.
  1806 | D:2      | Found a faded altar of an unknown god.
  2206 | D:2      | Reached XP level 4. HP: 29/42 MP: 4/4
  3084 | D:3      | Noticed Natasha
  3274 | D:3      | Killed Natasha
  3274 | D:3      | Reached skill level 4 in Axes
  3274 | D:3      | Reached XP level 5. HP: 39/49 MP: 5/5
  3449 | D:3      | Noticed Grinder
  3463 | D:3      | Killed Grinder
  3463 | D:3      | Reached skill level 5 in Axes
  3463 | D:3      | Reached XP level 6. HP: 37/56 MP: 6/6
  3583 | D:3      | Noticed Jessica
  3708 | D:2      | Killed Jessica
  3870 | D:3      | Noticed Natasha
  3876 | D:3      | Killed Natasha
  4074 | D:3      | Noticed Natasha
  4081 | D:3      | Killed Natasha
  4081 | D:3      | Reached XP level 7. HP: 50/62 MP: 7/7
  4159 | D:3      | Noticed Robin
  4172 | D:3      | Killed Robin
  4528 | D:4      | Noticed Edmund
  4553 | D:3      | Killed Edmund
  4553 | D:3      | Reached skill level 6 in Axes
  4553 | D:3      | Reached skill level 5 in Shields
  4651 | D:4      | Noticed Eustachio
  4657 | D:4      | Killed Eustachio
  4762 | D:4      | Found Byebiyc's Jewellery Boutique.
  4822 | D:4      | Noticed Blork the orc
  4831 | D:4      | Killed Blork the orc
  4831 | D:4      | Reached XP level 8. HP: 36/69 MP: 8/8
  4840 | D:4      | Noticed Dowan
  4843 | D:4      | Noticed Duvessa
  4853 | D:4      | HP: 3/69 [Duvessa/short sword (3)]
  4855 | D:4      | Slain by Duvessa

Vault maps used:
D:1:      dpeg_chamrin_arrival_tetris
D:2:      overflow_temple_1_default, chequers_ecumenical_altar_grove,
          hangedman_abyss_or_decor_stabs
D:3:      first_bread, uniq_jessica, uniq_grinder, uniq_natasha, uniq_robin
D:4:      serial_shops, nicolae_shop_waterfront, serial_park_tiny_2,
          uniq_edmund, uniq_blork_the_orc, uniq_eustachio, uniq_duvessa

Skill      XL: |  1  2  3  4  5  6  7 |
---------------+----------------------+-----
Axes           | 3 4 5 6 |  6.6
Shields        | 3 4 5 |  5.5
Fighting       | |  3.0
Armour         | |  2.4

Action                   |  1- 3 |  4- 6 |  7- 9 || total
-------------------------+-------+-------+-------++-------
Melee: War axe           |   149 |   134 |    99 ||   382
 Abil: Spit Poison       |     1 |     7 |     7 ||    15
  Use: Scroll            |       |     2 |     2 ||     4
       Potion            |       |     4 |       ||     4
  Eat: Chunk             |     2 |     3 |     1 ||     6
       Bread ration      |       |     1 |       ||     1
Armor: Scale mail        |    91 |    56 |    32 ||   179
Dodge: Dodged            |    43 |    41 |    19 ||   103
Block: Shield            |   101 |    90 |    50 ||   241
